MapleLeafs vs Canadiens

Created - April-15-14 at 19:01

Goals
1 2 3 T
MapleLeafs 0 1 1 2
Canadiens 2 1 3 6
Shots
1 2 3 T
MapleLeafs 13 15 14 42
Canadiens 9 12 6 27

1st period

1. Canadiens , Chris Kunitz 1 (Cam Fowler, Rostislav Klesla) at 5:05 (PP)
2. Canadiens , Jonathan Toews 1 (Corey Perry, Travis Hamonic) at 15:49

Penalties :
Nick Leddy (TOR) for Cross-checking (Minor) at 1:12, Ryan Callahan (TOR) for Hooking (Minor) at 4:47, Travis Hamonic (MTL) for Holding (Minor) at 7:18

2nd period

3. Canadiens , Mason Raymond 1 (Josh Bailey, John Mitchell) at 7:37
4. MapleLeafs , Steve Sullivan 1 (Vernon Fiddler) at 8:21

Penalties :
Mike Weber (MTL) for Roughing (Minor) at 17:24

3rd period

5. Canadiens , Joffrey Lupul 1 (Rostislav Klesla, Pavel Datsyuk) at 2:21 (PP)
6. Canadiens , Josh Bailey 1 (Eric Nystrom) at 8:09 (SH)
7. MapleLeafs , Greg Zanon 1 (Vincent Lecavalier) at 8:13 (PP)
8. Canadiens , Jordan Eberle 2 (Travis Hamonic, Pavel Datsyuk) at 17:11

Penalties :
Greg Zanon (TOR) for Hooking (Minor) at 1:20, Corey Perry (MTL) for Roughing (Minor) at 3:20, John Mitchell (MTL) for Boarding (Minor) at 7:35, John Mitchell (MTL) for Hooking (Minor) at 9:19, Brian Lashoff (TOR) for Cross-checking (Minor) at 9:19, Mike Weber (MTL) for High sticking (Minor) at 11:37, Ryan Callahan (TOR) for Hooking (Minor) at 17:31

Goalie Stats

Ryan Miller (TOR), 21 saves from 27 shots - (0.778), L, 0-1-1, 60:00 minutes
Cam Ward (MTL), 40 saves from 42 shots - (0.952), W, 2-0-0, 60:00 minutes

Players Stats for MapleLeafs

Player Name              G  A  P  +/- PIM S  H  SB GA TA FO     MP     PP MP  PK MP  
------------------------------------------------------------------------------------
Adam Hall                0  0  0   0  0   0  1  0  0  0  4/6     5:26   0:00   0:19 
Brian Lashoff            0  0  0  -3  2   1  8  1  0  0  0/0    21:23   4:14   1:27 
Drew Doughty             0  0  0  -1  0   8  3  1  0  0  0/0    25:10   4:20   3:50 
Evgeni Malkin            0  0  0  -4  0   4  0  0  0  0  6/10   20:15   3:52   0:00 
Greg Zanon               1  0  1   0  2   2  1  1  0  0  0/0    24:26   4:38   2:49 
Hal Gill                 0  0  0   1  0   0  0  0  0  0  0/0    13:18   0:00   1:01 
Kris Versteeg            0  0  0   1  0   1  1  0  0  0  0/0     9:40   0:00   0:00 
Mark Eaton               0  0  0   1  0   2  0  2  0  0  0/0    14:53   0:00   1:27 
Martin Hanzal            0  0  0   0  0   3  1  1  0  0  11/26  18:59   0:24   3:36 
Nick Leddy               0  0  0  -4  2   1  0  2  0  0  0/0    20:47   3:56   0:00 
Patrick Marleau          0  0  0  -4  0   5  0  0  0  0  1/1    22:23   3:52   2:58 
Raffi Torres             0  0  0   0  0   3  0  0  0  0  0/2    20:00   4:42   0:19 
Ryan Callahan            0  0  0  -1  4   1  1  0  0  0  1/2    21:39   3:52   2:00 
Ryan Carter              0  0  0   0  0   1  0  0  0  0  1/1     3:58   0:00   0:00 
Steve Sullivan           1  0  1   1  0   2  0  0  0  0  0/0    10:49   0:00   0:00 
Vernon Fiddler           0  1  1   1  0   2  2  0  0  0  7/14   11:02   0:00   1:22 
Vincent Lecavalier       0  1  1  -3  0   4  2  0  0  0  23/35  19:51   4:18   0:00 
Vladimir Tarasenko       0  0  0   0  0   2  0  0  0  0  0/1     8:40   4:42   0:00 

Players Stats for Canadiens

Player Name              G  A  P  +/- PIM S  H  SB GA TA FO     MP     PP MP  PK MP  
------------------------------------------------------------------------------------
Anton Volchenkov         0  0  0   1  0   0  4  1  0  0  0/0    23:53   2:39   4:46 
Cam Fowler               0  1  1   1  0   0  1  1  0  0  0/0    21:42   2:38   2:05 
Chris Kunitz             1  0  1   1  0   5  6  0  0  0  2/4    19:56   3:20   0:00 
Corey Perry              0  1  1   1  2   5  1  0  0  0  2/2    18:44   3:20   0:00 
Eric Nystrom             0  1  1   1  0   0  0  0  0  0  6/19   10:21   0:00   6:05 
Joffrey Lupul            1  0  1   0  0   3  7  0  0  0  0/1    17:02   1:57   0:00 
John Mitchell            0  1  1   1  4   0  1  0  0  0  8/19    9:22   0:00   0:00 
Jonathan Toews           1  0  1   1  0   4  0  1  0  0  10/22  20:11   3:20   0:15 
Jordan Eberle            1  0  1   0  0   2  0  0  0  0  0/1    17:02   1:57   0:00 
Josh Bailey              1  1  2   2  0   3  0  0  0  0  0/1    16:02   0:00   5:50 
Mason Raymond            1  0  1   1  0   2  0  0  0  0  0/0    12:41   0:00   2:29 
Mike Weber               0  0  0   1  4   0  3  2  0  0  0/0    14:44   0:00   1:56 
Pavel Datsyuk            0  2  2   0  0   0  0  1  0  0  16/29  19:31   1:57   2:29 
Rostislav Klesla         0  2  2   2  0   1  5  2  0  0  0/0    24:02   2:38   4:33 
Sven Baertschi           0  0  0   0  0   0  0  0  0  0  0/0     4:16   0:00   0:00 
T.J. Brennan             0  0  0   0  0   0  0  1  0  0  0/0    15:21   2:39   0:00 
Taylor Pyatt             0  0  0   0  0   0  0  0  0  0  0/0     4:16   0:00   0:00 
Travis Hamonic           0  2  2   1  2   2  0  1  0  0  0/0    20:15   0:00   3:48 

3 Stars

1 - Rostislav Klesla (MTL)
2 - Josh Bailey (MTL)
3 - Chris Kunitz (MTL)

Power Play

MapleLeafs - 1 on 5 Attempt(s) - 20.00%
Canadiens - 2 on 4 Attempt(s) - 50.00%

Penalty Kill

MapleLeafs - 2 on 4 Attempt(s) - 50.00% - Score 0 goal in Penalty Kill
Canadiens - 4 on 5 Attempt(s) - 80.00% - Score 1 goal in Penalty Kill

Official

Referees : Don VanMassenhoven and Darcy Burchell
Linesman : John Grandt and Jean Morin

Game Notes

No Game Note

Finance

Level 1 -- Attendance: 6500 (100.00%) -- Ticket Income $650,000
Level 2 -- Attendance: 5000 (100.00%) -- Ticket Income $300,000
Level 3 -- Attendance: 3500 (100.00%) -- Ticket Income $122,500
Level 4 -- Attendance: 3347 (63.47%) -- Ticket Income $66,940
Luxury Box -- Attendance: 1000 (100.00%) -- Ticket Income $175,000
Game was played at the Bell Centre
Total Attendance: 19347 (90.95%)
Total Ticket Income: $1,314,440
Other Income: $197,166
Total Income: $1,511,606


% Time on Ice - MapleLeafs

Lines # - Real PCT - Wanted PCT - Time Play
Normal Forward
1 - 35% - 35% - 15:33
2 - 34% - 35% - 14:59
3 - 22% - 20% - 9:40
4 - 9% - 10% - 3:58
Normal Defense
1 - 34% - 37% - 14:59
2 - 36% - 35% - 15:43
3 - 28% - 18% - 12:17
4 - 3% - 10% - 1:11
PP Forward
1 - 45% - 50% - 3:52
2 - 55% - 50% - 4:42
PP Defense
1 - 51% - 50% - 4:20
2 - 49% - 50% - 4:14
PK Forward
1 - 74% - 50% - 3:55
2 - 26% - 50% - 1:22
PK Defense
1 - 73% - 50% - 3:50
2 - 27% - 50% - 1:27
PK3 Forward
1 - 0% - 50%
2 - 0% - 50%
PK3 Defense
1 - 0% - 50%
2 - 0% - 50%
44 Forward
1 - 42% - 50% - 0:50
2 - 58% - 50% - 1:09
44 Defense
1 - 42% - 50% - 0:50
2 - 58% - 50% - 1:09
Last Minute Offensive  - 0:00
Last Minute Defensive  - 0:00
Total
Forward - 60:00
Defense - 60:00

% Time on Ice - Canadiens

Lines # - Real PCT - Wanted PCT - Time Play
Normal Forward
1 - 35% - 33% - 15:25
2 - 34% - 32% - 15:05
3 - 21% - 22% - 9:24
4 - 10% - 13% - 4:16
Normal Defense
1 - 35% - 37% - 15:40
2 - 36% - 36% - 15:48
3 - 13% - 14% - 5:57
4 - 15% - 13% - 6:45
PP Forward
1 - 63% - 60% - 3:20
2 - 37% - 40% - 1:57
PP Defense
1 - 50% - 50% - 2:38
2 - 50% - 50% - 2:39
PK Forward
1 - 71% - 60% - 6:05
2 - 29% - 40% - 2:29
PK Defense
1 - 41% - 60% - 3:33
2 - 59% - 40% - 5:01
PK3 Forward
1 - 0% - 60%
2 - 0% - 40%
PK3 Defense
1 - 0% - 60%
2 - 0% - 40%
44 Forward
1 - 60% - 60% - 1:11
2 - 40% - 40% - 0:48
44 Defense
1 - 60% - 60% - 1:11
2 - 40% - 40% - 0:48
Last Minute Offensive  - 0:00
Last Minute Defensive  - 0:00
Total
Forward - 60:00
Defense - 60:00

Play by Play

1st period


0:01 of 1st period - Jonathan Toews wins face-off versus Vincent Lecavalier in neutral zone.
0:09 of 1st period - Patrick Marleau is hit by Anton Volchenkov and loses puck.
0:31 of 1st period - Icing by Travis Hamonic.
0:32 of 1st period - Jonathan Toews wins face-off versus Martin Hanzal in Canadiens zone.
0:44 of 1st period - Brian Lashoff is hit by Chris Kunitz and loses puck.
1:09 of 1st period - Shot by Pavel Datsyuk.
1:09 of 1st period - Shot Blocked by Martin Hanzal.
1:12 of 1st period - Minor Penalty to Nick Leddy for Cross-checking.
1:13 of 1st period - Pavel Datsyuk wins face-off versus Vernon Fiddler in MapleLeafs zone.
2:30 of 1st period - Shot by Jonathan Toews.
2:30 of 1st period - Stopped by Ryan Miller without a rebound.
2:31 of 1st period - Jonathan Toews wins face-off versus Martin Hanzal in MapleLeafs zone.
3:13 of 1st period - Icing by Drew Doughty.
3:14 of 1st period - Adam Hall wins face-off versus John Mitchell in MapleLeafs zone.
3:44 of 1st period - Shot by John Mitchell.
3:44 of 1st period - Deflect By Josh Bailey.
3:44 of 1st period - Shot Misses the Net.
3:50 of 1st period - Shot by Mason Raymond.
3:50 of 1st period - Deflect By Josh Bailey.
3:50 of 1st period - Shot Misses the Net.
3:52 of 1st period - Shot by Josh Bailey.
3:52 of 1st period - Shot Misses the Net.
4:23 of 1st period - Shot by Vincent Lecavalier.
4:23 of 1st period - Shot Misses the Net.
4:25 of 1st period - Shot by Evgeni Malkin.
4:25 of 1st period - Stopped by Cam Ward without a rebound.
4:26 of 1st period - Eric Nystrom wins face-off versus Vernon Fiddler in Canadiens zone.
4:31 of 1st period - Shot by Sven Baertschi.
4:31 of 1st period - Shot Misses the Net.
4:43 of 1st period - Shot by Vernon Fiddler.
4:43 of 1st period - Stopped by Cam Ward without a rebound.
4:44 of 1st period - Corey Perry wins face-off versus Martin Hanzal in Canadiens zone.
4:46 of 1st period - Icing by Jonathan Toews.
4:47 of 1st period - Corey Perry wins face-off versus Martin Hanzal in Canadiens zone.
4:47 of 1st period - Minor Penalty to Ryan Callahan for Hooking.
4:48 of 1st period - Martin Hanzal wins face-off versus Jonathan Toews in MapleLeafs zone.
4:48 of 1st period - Greg Zanon is hit by Chris Kunitz and loses puck.
5:05 of 1st period - Shot by Chris Kunitz.
5:05 of 1st period - Goal by Chris Kunitz - MapleLeafs : 0 - Canadiens : 1.
5:06 of 1st period - Vernon Fiddler wins face-off versus Pavel Datsyuk in neutral zone.
5:11 of 1st period - Mike Weber is hit by Vernon Fiddler and loses puck.
5:36 of 1st period - T.J. Brennan is hit by Kris Versteeg and loses puck.
6:50 of 1st period - Shot by Mark Eaton.
6:50 of 1st period - Stopped by Cam Ward without a rebound.
6:51 of 1st period - Vincent Lecavalier wins face-off versus John Mitchell in Canadiens zone.
6:55 of 1st period - Icing by Travis Hamonic.
6:56 of 1st period - Vincent Lecavalier wins face-off versus John Mitchell in Canadiens zone.
6:57 of 1st period - Shot by Evgeni Malkin.
6:57 of 1st period - Stopped by Cam Ward without a rebound.
6:58 of 1st period - Jonathan Toews wins face-off versus Vincent Lecavalier in Canadiens zone.
7:18 of 1st period - Minor Penalty to Travis Hamonic for Holding.
7:19 of 1st period - Vincent Lecavalier wins face-off versus Eric Nystrom in Canadiens zone.
7:48 of 1st period - Shot by Drew Doughty.
7:48 of 1st period - Stopped by Cam Ward without a rebound.
7:49 of 1st period - Evgeni Malkin wins face-off versus Eric Nystrom in Canadiens zone.
7:53 of 1st period - Patrick Marleau is hit by Anton Volchenkov and loses puck.
7:56 of 1st period - Shot by Brian Lashoff.
7:56 of 1st period - Shot Misses the Net.
7:58 of 1st period - Shot by Patrick Marleau.
7:58 of 1st period - Shot Misses the Net.
8:04 of 1st period - Shot by Patrick Marleau.
8:04 of 1st period - Stopped by Cam Ward without a rebound.
8:05 of 1st period - Evgeni Malkin wins face-off versus Pavel Datsyuk in Canadiens zone.
8:19 of 1st period - Ryan Callahan is hit by Mike Weber and loses puck.
8:40 of 1st period - Off-side.
8:41 of 1st period - Vincent Lecavalier wins face-off versus Eric Nystrom in neutral zone.
8:52 of 1st period - Shot by Drew Doughty.
8:52 of 1st period - Stopped by Cam Ward without a rebound.
8:53 of 1st period - Vincent Lecavalier wins face-off versus Pavel Datsyuk in Canadiens zone.
8:56 of 1st period - Shot by Drew Doughty.
8:56 of 1st period - Shot Blocked by Pavel Datsyuk.
9:41 of 1st period - Shot by Steve Sullivan.
9:41 of 1st period - Shot Misses the Net.
9:43 of 1st period - Shot by Vernon Fiddler.
9:43 of 1st period - Stopped by Cam Ward with a rebound.
10:23 of 1st period - Shot by Patrick Marleau.
10:23 of 1st period - Stopped by Cam Ward without a rebound.
10:24 of 1st period - John Mitchell wins face-off versus Martin Hanzal in Canadiens zone.
10:43 of 1st period - Josh Bailey is hit by Brian Lashoff and loses puck.
10:55 of 1st period - Shot by Josh Bailey.
10:55 of 1st period - Shot Misses the Net.
10:57 of 1st period - Shot by Rostislav Klesla.
10:57 of 1st period - Stopped by Ryan Miller without a rebound.
10:58 of 1st period - Vincent Lecavalier wins face-off versus Pavel Datsyuk in MapleLeafs zone.
11:00 of 1st period - Greg Zanon is hit by Joffrey Lupul and loses puck.
11:27 of 1st period - Off-side.
11:28 of 1st period - Martin Hanzal wins face-off versus Eric Nystrom in neutral zone.
11:49 of 1st period - Shot by Ryan Callahan.
11:49 of 1st period - Shot Misses the Net.
12:20 of 1st period - Shot by Josh Bailey.
12:20 of 1st period - Shot Misses the Net.
12:22 of 1st period - Shot by Travis Hamonic.
12:22 of 1st period - Stopped by Ryan Miller without a rebound.
12:23 of 1st period - Pavel Datsyuk wins face-off versus Vincent Lecavalier in MapleLeafs zone.
12:52 of 1st period - Patrick Marleau is hit by Joffrey Lupul and loses puck.
13:17 of 1st period - Corey Perry is hit by Vincent Lecavalier and loses puck.
13:34 of 1st period - Shot by Jonathan Toews.
13:34 of 1st period - Deflect By Chris Kunitz.
13:34 of 1st period - Stopped by Ryan Miller without a rebound.
13:35 of 1st period - John Mitchell wins face-off versus Vernon Fiddler in MapleLeafs zone.
13:35 of 1st period - John Mitchell is hit by Brian Lashoff.
13:51 of 1st period - Shot by Kris Versteeg.
13:51 of 1st period - Shot Misses the Net.
14:01 of 1st period - Shot by Vernon Fiddler.
14:01 of 1st period - Shot Misses the Net.
14:11 of 1st period - Shot by Vernon Fiddler.
14:11 of 1st period - Shot Misses the Net.
14:13 of 1st period - Shot by Vernon Fiddler.
14:13 of 1st period - Shot Misses the Net.
14:35 of 1st period - Shot by Chris Kunitz.
14:35 of 1st period - Stopped by Ryan Miller without a rebound.
14:36 of 1st period - Chris Kunitz wins face-off versus Vladimir Tarasenko in MapleLeafs zone.
15:01 of 1st period - Icing by Mark Eaton.
15:02 of 1st period - Adam Hall wins face-off versus Pavel Datsyuk in MapleLeafs zone.
15:02 of 1st period - Adam Hall is hit by Joffrey Lupul.
15:16 of 1st period - Shot by Joffrey Lupul.
15:16 of 1st period - Stopped by Ryan Miller without a rebound.
15:17 of 1st period - Martin Hanzal wins face-off versus Jonathan Toews in MapleLeafs zone.
15:17 of 1st period - Martin Hanzal is hit by Chris Kunitz.
15:30 of 1st period - Icing by Anton Volchenkov.
15:31 of 1st period - Vincent Lecavalier wins face-off versus Jonathan Toews in Canadiens zone.
15:31 of 1st period - Vincent Lecavalier is hit by Anton Volchenkov.
15:35 of 1st period - Shot by Evgeni Malkin.
15:35 of 1st period - Stopped by Cam Ward with a rebound.
15:49 of 1st period - Shot by Corey Perry.
15:49 of 1st period - Deflect By Jonathan Toews.
15:49 of 1st period - Goal by Jonathan Toews - MapleLeafs : 0 - Canadiens : 2.
15:50 of 1st period - Pavel Datsyuk wins face-off versus Martin Hanzal in neutral zone.
16:21 of 1st period - Shot by Martin Hanzal.
16:21 of 1st period - Stopped by Cam Ward without a rebound.
16:22 of 1st period - Vincent Lecavalier wins face-off versus John Mitchell in Canadiens zone.
17:27 of 1st period - Icing by Nick Leddy.
17:28 of 1st period - Pavel Datsyuk wins face-off versus Vincent Lecavalier in MapleLeafs zone.
17:28 of 1st period - Pavel Datsyuk is hit by Brian Lashoff.
17:37 of 1st period - Icing by Patrick Marleau.
17:38 of 1st period - Vincent Lecavalier wins face-off versus Eric Nystrom in MapleLeafs zone.
18:12 of 1st period - Sven Baertschi is hit by Greg Zanon and loses puck.
18:35 of 1st period - Shot by Jordan Eberle.
18:35 of 1st period - Shot Misses the Net.
18:54 of 1st period - Pavel Datsyuk is hit by Drew Doughty and loses puck.
19:03 of 1st period - Shot by Jordan Eberle.
19:03 of 1st period - Shot Misses the Net.
19:28 of 1st period - Shot by Kris Versteeg.
19:28 of 1st period - Stopped by Cam Ward without a rebound.
19:29 of 1st period - Vernon Fiddler wins face-off versus John Mitchell in Canadiens zone.
19:29 of 1st period - Vernon Fiddler is hit by Rostislav Klesla.
19:31 of 1st period - Shot by Mark Eaton.
19:31 of 1st period - Stopped by Cam Ward without a rebound.
19:32 of 1st period - Vernon Fiddler wins face-off versus Jonathan Toews in Canadiens zone.
19:56 of 1st period - Shot by Corey Perry.
19:56 of 1st period - Stopped by Ryan Miller without a rebound.
19:57 of 1st period - Vincent Lecavalier wins face-off versus John Mitchell in MapleLeafs zone.
Goals for this period are 0 for MapleLeafs vs 2 for Canadiens.
Shots for this period are 13 for MapleLeafs vs 9 for Canadiens.

2nd period


0:01 of 2nd period - Pavel Datsyuk wins face-off versus Vincent Lecavalier in neutral zone.
0:14 of 2nd period - Shot by Patrick Marleau.
0:14 of 2nd period - Stopped by Cam Ward with a rebound.
0:16 of 2nd period - Shot by Vincent Lecavalier.
0:16 of 2nd period - Shot Misses the Net.
0:18 of 2nd period - Shot by Evgeni Malkin.
0:18 of 2nd period - Shot Misses the Net.
0:33 of 2nd period - Off-side.
0:34 of 2nd period - Jonathan Toews wins face-off versus Martin Hanzal in neutral zone.
0:36 of 2nd period - Chris Kunitz is hit by Brian Lashoff and loses puck.
0:47 of 2nd period - Shot by Martin Hanzal.
0:47 of 2nd period - Deflect By Raffi Torres.
0:47 of 2nd period - Stopped by Cam Ward with a rebound.
0:49 of 2nd period - Shot by Martin Hanzal.
0:49 of 2nd period - Stopped by Cam Ward without a rebound.
0:50 of 2nd period - Vernon Fiddler wins face-off versus John Mitchell in Canadiens zone.
0:50 of 2nd period - Kris Versteeg is hit by Mike Weber and loses puck.
1:04 of 2nd period - Shot by Josh Bailey.
1:04 of 2nd period - Shot Misses the Net.
1:10 of 2nd period - Shot by Mason Raymond.
1:10 of 2nd period - Stopped by Ryan Miller without a rebound.
1:11 of 2nd period - Martin Hanzal wins face-off versus Jonathan Toews in MapleLeafs zone.
1:23 of 2nd period - Drew Doughty is hit by Rostislav Klesla and loses puck.
1:26 of 2nd period - Shot by Ryan Callahan.
1:26 of 2nd period - Deflect By Raffi Torres.
1:26 of 2nd period - Shot Blocked by Cam Fowler.
1:28 of 2nd period - Shot by Drew Doughty.
1:28 of 2nd period - Shot Misses the Net.
1:46 of 2nd period - Shot by Jonathan Toews.
1:46 of 2nd period - Stopped by Ryan Miller without a rebound.
1:47 of 2nd period - Patrick Marleau wins face-off versus Pavel Datsyuk in MapleLeafs zone.
2:50 of 2nd period - Off-side.
2:51 of 2nd period - Chris Kunitz wins face-off versus Martin Hanzal in neutral zone.
3:03 of 2nd period - Ryan Callahan is hit by Cam Fowler and loses puck.
3:19 of 2nd period - Shot by Jonathan Toews.
3:19 of 2nd period - Stopped by Ryan Miller without a rebound.
3:20 of 2nd period - Vernon Fiddler wins face-off versus Eric Nystrom in MapleLeafs zone.
3:57 of 2nd period - Shot by Eric Nystrom.
3:57 of 2nd period - Shot Misses the Net.
4:16 of 2nd period - Icing by Travis Hamonic.
4:17 of 2nd period - John Mitchell wins face-off versus Martin Hanzal in Canadiens zone.
4:41 of 2nd period - Shot by Josh Bailey.
4:41 of 2nd period - Shot Blocked by Greg Zanon.
4:43 of 2nd period - Shot by Josh Bailey.
4:43 of 2nd period - Shot Misses the Net.
4:45 of 2nd period - Shot by Mason Raymond.
4:45 of 2nd period - Shot Misses the Net.
4:47 of 2nd period - Shot by Josh Bailey.
4:47 of 2nd period - Shot Misses the Net.
5:24 of 2nd period - Shot by Jonathan Toews.
5:24 of 2nd period - Shot Misses the Net.
5:34 of 2nd period - Shot by Corey Perry.
5:34 of 2nd period - Stopped by Ryan Miller without a rebound.
5:35 of 2nd period - Pavel Datsyuk wins face-off versus Vincent Lecavalier in MapleLeafs zone.
5:35 of 2nd period - Pavel Datsyuk is hit by Brian Lashoff.
5:37 of 2nd period - Shot by Joffrey Lupul.
5:37 of 2nd period - Shot Misses the Net.
5:51 of 2nd period - Shot by Evgeni Malkin.
5:51 of 2nd period - Shot Misses the Net.
5:59 of 2nd period - Shot by Vincent Lecavalier.
5:59 of 2nd period - Stopped by Cam Ward without a rebound.
6:00 of 2nd period - Jonathan Toews wins face-off versus Adam Hall in Canadiens zone.
6:00 of 2nd period - Jonathan Toews is hit by Adam Hall.
6:20 of 2nd period - Hal Gill is hit by Chris Kunitz and loses puck.
6:29 of 2nd period - Shot by Chris Kunitz.
6:29 of 2nd period - Stopped by Ryan Miller without a rebound.
6:30 of 2nd period - Vincent Lecavalier wins face-off versus Pavel Datsyuk in MapleLeafs zone.
6:54 of 2nd period - Pavel Datsyuk is hit by Brian Lashoff and loses puck.
7:31 of 2nd period - Icing by Brian Lashoff.
7:32 of 2nd period - John Mitchell wins face-off versus Vincent Lecavalier in MapleLeafs zone.
7:37 of 2nd period - Shot by Mason Raymond.
7:37 of 2nd period - Goal by Mason Raymond - MapleLeafs : 0 - Canadiens : 3.
7:38 of 2nd period - Ryan Callahan wins face-off versus Jonathan Toews in neutral zone.
7:54 of 2nd period - Shot by Corey Perry.
7:54 of 2nd period - Shot Misses the Net.
7:56 of 2nd period - Shot by Corey Perry.
7:56 of 2nd period - Stopped by Ryan Miller with a rebound.
7:58 of 2nd period - Shot by Jonathan Toews.
7:58 of 2nd period - Shot Misses the Net.
8:06 of 2nd period - Shot by Chris Kunitz.
8:06 of 2nd period - Shot Misses the Net.
8:14 of 2nd period - Shot by Corey Perry.
8:14 of 2nd period - Stopped by Ryan Miller without a rebound.
8:15 of 2nd period - Vernon Fiddler wins face-off versus Jordan Eberle in MapleLeafs zone.
8:15 of 2nd period - Vernon Fiddler is hit by Joffrey Lupul.
8:21 of 2nd period - Shot by Steve Sullivan.
8:21 of 2nd period - Goal by Steve Sullivan - MapleLeafs : 1 - Canadiens : 3.
8:22 of 2nd period - Vernon Fiddler wins face-off versus Pavel Datsyuk in neutral zone.
8:22 of 2nd period - Kris Versteeg is hit by Joffrey Lupul and loses puck.
8:38 of 2nd period - Shot by Jordan Eberle.
8:38 of 2nd period - Stopped by Ryan Miller without a rebound.
8:39 of 2nd period - John Mitchell wins face-off versus Vincent Lecavalier in MapleLeafs zone.
8:40 of 2nd period - Shot by Josh Bailey.
8:40 of 2nd period - Shot Misses the Net.
8:56 of 2nd period - Shot by Patrick Marleau.
8:56 of 2nd period - Stopped by Cam Ward without a rebound.
8:57 of 2nd period - Martin Hanzal wins face-off versus Eric Nystrom in Canadiens zone.
8:58 of 2nd period - Shot by Raffi Torres.
8:58 of 2nd period - Stopped by Cam Ward without a rebound.
8:59 of 2nd period - Martin Hanzal wins face-off versus Eric Nystrom in Canadiens zone.
9:52 of 2nd period - Off-side.
9:53 of 2nd period - Pavel Datsyuk wins face-off versus Evgeni Malkin in neutral zone.
10:13 of 2nd period - Icing by Nick Leddy.
10:14 of 2nd period - Vincent Lecavalier wins face-off versus Jonathan Toews in MapleLeafs zone.
10:25 of 2nd period - Shot by Evgeni Malkin.
10:25 of 2nd period - Shot Misses the Net.
10:27 of 2nd period - Shot by Brian Lashoff.
10:27 of 2nd period - Stopped by Cam Ward with a rebound.
10:29 of 2nd period - Shot by Patrick Marleau.
10:29 of 2nd period - Shot Blocked by Mike Weber.
10:42 of 2nd period - Corey Perry is hit by Brian Lashoff and loses puck.
10:55 of 2nd period - Mike Weber is hit by Vincent Lecavalier and loses puck.
11:30 of 2nd period - Shot by Vernon Fiddler.
11:30 of 2nd period - Deflect By Steve Sullivan.
11:30 of 2nd period - Shot Misses the Net.
12:55 of 2nd period - Shot by Joffrey Lupul.
12:55 of 2nd period - Shot Misses the Net.
13:02 of 2nd period - Icing by Drew Doughty.
13:03 of 2nd period - Martin Hanzal wins face-off versus Eric Nystrom in MapleLeafs zone.
13:31 of 2nd period - Shot by Mike Weber.
13:31 of 2nd period - Shot Misses the Net.
13:33 of 2nd period - Shot by Taylor Pyatt.
13:33 of 2nd period - Shot Blocked by Drew Doughty.
13:36 of 2nd period - Taylor Pyatt is hit by Drew Doughty and loses puck.
14:19 of 2nd period - Shot by Corey Perry.
14:19 of 2nd period - Stopped by Ryan Miller without a rebound.
14:20 of 2nd period - Vincent Lecavalier wins face-off versus Pavel Datsyuk in MapleLeafs zone.
14:22 of 2nd period - Evgeni Malkin is hit by Joffrey Lupul and loses puck.
14:36 of 2nd period - Jordan Eberle is hit by Brian Lashoff and loses puck.
14:51 of 2nd period - Shot by Anton Volchenkov.
14:51 of 2nd period - Shot Blocked by Nick Leddy.
14:53 of 2nd period - Shot by Travis Hamonic.
14:53 of 2nd period - Stopped by Ryan Miller without a rebound.
14:54 of 2nd period - John Mitchell wins face-off versus Adam Hall in MapleLeafs zone.
15:03 of 2nd period - Shot by John Mitchell.
15:03 of 2nd period - Shot Misses the Net.
15:05 of 2nd period - Shot by Josh Bailey.
15:05 of 2nd period - Stopped by Ryan Miller without a rebound.
15:06 of 2nd period - Jonathan Toews wins face-off versus Vernon Fiddler in MapleLeafs zone.
15:51 of 2nd period - Icing by Rostislav Klesla.
15:52 of 2nd period - Vincent Lecavalier wins face-off versus Jonathan Toews in Canadiens zone.
17:24 of 2nd period - Minor Penalty to Mike Weber for Roughing.
17:25 of 2nd period - Eric Nystrom wins face-off versus Martin Hanzal in Canadiens zone.
17:34 of 2nd period - Shot by Greg Zanon.
17:34 of 2nd period - Shot Misses the Net.
17:36 of 2nd period - Shot by Drew Doughty.
17:36 of 2nd period - Shot Misses the Net.
17:38 of 2nd period - Shot by Raffi Torres.
17:38 of 2nd period - Stopped by Cam Ward without a rebound.
17:39 of 2nd period - Eric Nystrom wins face-off versus Martin Hanzal in Canadiens zone.
17:48 of 2nd period - Shot by Drew Doughty.
17:48 of 2nd period - Stopped by Cam Ward without a rebound.
17:49 of 2nd period - Evgeni Malkin wins face-off versus Eric Nystrom in Canadiens zone.
18:16 of 2nd period - Shot by Ryan Callahan.
18:16 of 2nd period - Shot Misses the Net.
18:18 of 2nd period - Shot by Drew Doughty.
18:18 of 2nd period - Stopped by Cam Ward without a rebound.
18:19 of 2nd period - Vincent Lecavalier wins face-off versus Eric Nystrom in Canadiens zone.
18:28 of 2nd period - Shot by Vladimir Tarasenko.
18:28 of 2nd period - Shot Misses the Net.
18:30 of 2nd period - Shot by Vladimir Tarasenko.
18:30 of 2nd period - Stopped by Cam Ward without a rebound.
18:31 of 2nd period - Pavel Datsyuk wins face-off versus Vincent Lecavalier in Canadiens zone.
18:42 of 2nd period - Shot by Greg Zanon.
18:42 of 2nd period - Stopped by Cam Ward without a rebound.
18:43 of 2nd period - Vincent Lecavalier wins face-off versus Pavel Datsyuk in Canadiens zone.
18:44 of 2nd period - Shot by Vladimir Tarasenko.
18:44 of 2nd period - Stopped by Cam Ward with a rebound.
18:46 of 2nd period - Shot by Vladimir Tarasenko.
18:46 of 2nd period - Deflect By Vincent Lecavalier.
18:46 of 2nd period - Stopped by Cam Ward without a rebound.
18:47 of 2nd period - Vincent Lecavalier wins face-off versus Eric Nystrom in Canadiens zone.
19:22 of 2nd period - Shot by Vincent Lecavalier.
19:22 of 2nd period - Shot Blocked by Rostislav Klesla.
19:36 of 2nd period - Jonathan Toews is hit by Vernon Fiddler and loses puck.
Goals for this period are 1 for MapleLeafs vs 1 for Canadiens.
Shots for this period are 15 for MapleLeafs vs 12 for Canadiens.

3rd period


0:01 of 3rd period - Pavel Datsyuk wins face-off versus Vincent Lecavalier in neutral zone.
0:06 of 3rd period - Shot by Pavel Datsyuk.
0:06 of 3rd period - Deflect By Joffrey Lupul.
0:06 of 3rd period - Stopped by Ryan Miller without a rebound.
0:07 of 3rd period - John Mitchell wins face-off versus Raffi Torres in MapleLeafs zone.
0:18 of 3rd period - Shot by Josh Bailey.
0:18 of 3rd period - Stopped by Ryan Miller without a rebound.
0:19 of 3rd period - Evgeni Malkin wins face-off versus Pavel Datsyuk in MapleLeafs zone.
1:20 of 3rd period - Minor Penalty to Greg Zanon for Hooking.
1:21 of 3rd period - Jonathan Toews wins face-off versus Martin Hanzal in MapleLeafs zone.
1:38 of 3rd period - Shot by Jonathan Toews.
1:38 of 3rd period - Deflect By Corey Perry.
1:38 of 3rd period - Shot Misses the Net.
1:53 of 3rd period - Jonathan Toews is hit by Drew Doughty and loses puck.
2:21 of 3rd period - Shot by Joffrey Lupul.
2:21 of 3rd period - Goal by Joffrey Lupul - MapleLeafs : 1 - Canadiens : 4.
2:22 of 3rd period - Adam Hall wins face-off versus John Mitchell in neutral zone.
2:26 of 3rd period - Off-side.
2:27 of 3rd period - Vincent Lecavalier wins face-off versus John Mitchell in neutral zone.
2:36 of 3rd period - Shot by Cam Fowler.
2:36 of 3rd period - Shot Misses the Net.
3:19 of 3rd period - Off-side.
3:20 of 3rd period - Adam Hall wins face-off versus Chris Kunitz in neutral zone.
3:20 of 3rd period - Minor Penalty to Corey Perry for Roughing.
3:21 of 3rd period - Eric Nystrom wins face-off versus Raffi Torres in Canadiens zone.
3:48 of 3rd period - Shot by Vladimir Tarasenko.
3:48 of 3rd period - Shot Blocked by Travis Hamonic.
3:50 of 3rd period - Shot by Drew Doughty.
3:50 of 3rd period - Stopped by Cam Ward without a rebound.
3:51 of 3rd period - Pavel Datsyuk wins face-off versus Evgeni Malkin in Canadiens zone.
4:19 of 3rd period - Off-side.
4:20 of 3rd period - Pavel Datsyuk wins face-off versus Vincent Lecavalier in neutral zone.
4:43 of 3rd period - Shot by Drew Doughty.
4:43 of 3rd period - Stopped by Cam Ward without a rebound.
4:44 of 3rd period - Evgeni Malkin wins face-off versus Pavel Datsyuk in Canadiens zone.
5:43 of 3rd period - Adam Hall is hit by Corey Perry and loses puck.
5:53 of 3rd period - Hal Gill is hit by Chris Kunitz and loses puck.
5:59 of 3rd period - Mark Eaton is hit by Rostislav Klesla and loses puck.
6:19 of 3rd period - Icing by Jonathan Toews.
6:20 of 3rd period - Jonathan Toews wins face-off versus Martin Hanzal in Canadiens zone.
6:20 of 3rd period - Jonathan Toews is hit by Martin Hanzal.
6:54 of 3rd period - Shot by Martin Hanzal.
6:54 of 3rd period - Stopped by Cam Ward with a rebound.
6:56 of 3rd period - Shot by Drew Doughty.
6:56 of 3rd period - Shot Blocked by Anton Volchenkov.
6:58 of 3rd period - Shot by Martin Hanzal.
6:58 of 3rd period - Shot Misses the Net.
7:24 of 3rd period - Shot by Vincent Lecavalier.
7:24 of 3rd period - Stopped by Cam Ward without a rebound.
7:25 of 3rd period - John Mitchell wins face-off versus Vernon Fiddler in Canadiens zone.
7:35 of 3rd period - Minor Penalty to John Mitchell for Boarding.
7:36 of 3rd period - Eric Nystrom wins face-off versus Evgeni Malkin in Canadiens zone.
7:36 of 3rd period - Eric Nystrom is hit by Ryan Callahan.
7:57 of 3rd period - Shot by Nick Leddy.
7:57 of 3rd period - Shot Misses the Net.
8:09 of 3rd period - Shot by Josh Bailey.
8:09 of 3rd period - Goal by Josh Bailey - MapleLeafs : 1 - Canadiens : 5.
8:10 of 3rd period - Vincent Lecavalier wins face-off versus Eric Nystrom in neutral zone.
8:13 of 3rd period - Shot by Greg Zanon.
8:13 of 3rd period - Goal by Greg Zanon - MapleLeafs : 2 - Canadiens : 5.
8:14 of 3rd period - Pavel Datsyuk wins face-off versus Vernon Fiddler in neutral zone.
8:49 of 3rd period - Shot by Steve Sullivan.
8:49 of 3rd period - Stopped by Cam Ward with a rebound.
8:51 of 3rd period - Shot by Steve Sullivan.
8:51 of 3rd period - Shot Blocked by Mike Weber.
8:53 of 3rd period - Shot by Hal Gill.
8:53 of 3rd period - Shot Misses the Net.
8:55 of 3rd period - Shot by Mark Eaton.
8:55 of 3rd period - Shot Misses the Net.
9:13 of 3rd period - Shot by Chris Kunitz.
9:13 of 3rd period - Shot Misses the Net.
9:17 of 3rd period - Shot by Chris Kunitz.
9:17 of 3rd period - Stopped by Ryan Miller without a rebound.
9:18 of 3rd period - Vincent Lecavalier wins face-off versus John Mitchell in MapleLeafs zone.
9:18 of 3rd period - Vincent Lecavalier is hit by John Mitchell.
9:19 of 3rd period - Minor Penalty to John Mitchell for Hooking.
9:19 of 3rd period - Minor Penalty to Brian Lashoff for Cross-checking.
9:20 of 3rd period - Evgeni Malkin wins face-off versus Jonathan Toews in MapleLeafs zone.
9:57 of 3rd period - Shot by Evgeni Malkin.
9:57 of 3rd period - Shot Blocked by Rostislav Klesla.
9:59 of 3rd period - Shot by Drew Doughty.
9:59 of 3rd period - Shot Blocked by Jonathan Toews.
10:01 of 3rd period - Shot by Evgeni Malkin.
10:01 of 3rd period - Shot Misses the Net.
10:15 of 3rd period - Steve Sullivan is hit by Chris Kunitz and loses puck.
10:27 of 3rd period - Nick Leddy is hit by Anton Volchenkov and loses puck.
10:38 of 3rd period - Shot by Josh Bailey.
10:38 of 3rd period - Shot Blocked by Nick Leddy.
10:40 of 3rd period - Shot by Mason Raymond.
10:40 of 3rd period - Shot Blocked by Mark Eaton.
10:50 of 3rd period - Shot by Mason Raymond.
10:50 of 3rd period - Shot Misses the Net.
10:52 of 3rd period - Shot by Anton Volchenkov.
10:52 of 3rd period - Shot Blocked by Mark Eaton.
11:29 of 3rd period - Off-side.
11:30 of 3rd period - Eric Nystrom wins face-off versus Martin Hanzal in neutral zone.
11:36 of 3rd period - Drew Doughty is hit by Mike Weber and loses puck.
11:37 of 3rd period - Minor Penalty to Mike Weber for High sticking.
11:38 of 3rd period - Vincent Lecavalier wins face-off versus Josh Bailey in Canadiens zone.
11:42 of 3rd period - Vincent Lecavalier is hit by Rostislav Klesla and loses puck.
12:54 of 3rd period - Shot by Patrick Marleau.
12:54 of 3rd period - Stopped by Cam Ward without a rebound.
12:55 of 3rd period - Pavel Datsyuk wins face-off versus Evgeni Malkin in Canadiens zone.
13:15 of 3rd period - Icing by Drew Doughty.
13:16 of 3rd period - Pavel Datsyuk wins face-off versus Ryan Callahan in MapleLeafs zone.
13:25 of 3rd period - Shot by Drew Doughty.
13:25 of 3rd period - Stopped by Cam Ward without a rebound.
13:26 of 3rd period - Vincent Lecavalier wins face-off versus Pavel Datsyuk in Canadiens zone.
14:07 of 3rd period - Shot by Vernon Fiddler.
14:07 of 3rd period - Shot Misses the Net.
14:24 of 3rd period - Icing by Mike Weber.
14:25 of 3rd period - Martin Hanzal wins face-off versus Jonathan Toews in Canadiens zone.
15:00 of 3rd period - Shot by Martin Hanzal.
15:00 of 3rd period - Shot Blocked by T.J. Brennan.
15:02 of 3rd period - Shot by Raffi Torres.
15:02 of 3rd period - Shot Misses the Net.
15:04 of 3rd period - Shot by Raffi Torres.
15:04 of 3rd period - Shot Misses the Net.
15:06 of 3rd period - Shot by Nick Leddy.
15:06 of 3rd period - Stopped by Cam Ward with a rebound.
15:21 of 3rd period - Icing by Vincent Lecavalier.
15:22 of 3rd period - Vincent Lecavalier wins face-off versus Joffrey Lupul in MapleLeafs zone.
15:22 of 3rd period - Vincent Lecavalier is hit by Joffrey Lupul.
15:40 of 3rd period - Shot by Vincent Lecavalier.
15:40 of 3rd period - Stopped by Cam Ward with a rebound.
15:42 of 3rd period - Shot by Drew Doughty.
15:42 of 3rd period - Stopped by Cam Ward with a rebound.
15:44 of 3rd period - Shot by Evgeni Malkin.
15:44 of 3rd period - Stopped by Cam Ward without a rebound.
15:45 of 3rd period - Ryan Carter wins face-off versus John Mitchell in Canadiens zone.
16:17 of 3rd period - Shot by Vladimir Tarasenko.
16:17 of 3rd period - Deflect By Ryan Carter.
16:17 of 3rd period - Stopped by Cam Ward without a rebound.
16:18 of 3rd period - Pavel Datsyuk wins face-off versus Martin Hanzal in Canadiens zone.
16:38 of 3rd period - Icing by Joffrey Lupul.
16:39 of 3rd period - Pavel Datsyuk wins face-off versus Vincent Lecavalier in Canadiens zone.
16:45 of 3rd period - Shot by Anton Volchenkov.
16:45 of 3rd period - Shot Misses the Net.
16:47 of 3rd period - Shot by Travis Hamonic.
16:47 of 3rd period - Shot Blocked by Brian Lashoff.
17:07 of 3rd period - Shot by Pavel Datsyuk.
17:07 of 3rd period - Shot Misses the Net.
17:09 of 3rd period - Shot by Travis Hamonic.
17:09 of 3rd period - Shot Misses the Net.
17:11 of 3rd period - Shot by Jordan Eberle.
17:11 of 3rd period - Goal by Jordan Eberle - MapleLeafs : 2 - Canadiens : 6.
17:12 of 3rd period - Martin Hanzal wins face-off versus Chris Kunitz in neutral zone.
17:19 of 3rd period - Shot by Ryan Callahan.
17:19 of 3rd period - Stopped by Cam Ward without a rebound.
17:20 of 3rd period - Martin Hanzal wins face-off versus Jonathan Toews in Canadiens zone.
17:28 of 3rd period - Icing by Cam Fowler.
17:29 of 3rd period - Martin Hanzal wins face-off versus Jonathan Toews in Canadiens zone.
17:29 of 3rd period - Drew Doughty is hit by Rostislav Klesla and loses puck.
17:31 of 3rd period - Minor Penalty to Ryan Callahan for Hooking.
17:32 of 3rd period - Jonathan Toews wins face-off versus Vernon Fiddler in MapleLeafs zone.
19:56 of 3rd period - Shot by Vernon Fiddler.
19:56 of 3rd period - Shot Misses the Net.
Goals for this period are 1 for MapleLeafs vs 3 for Canadiens.
Shots for this period are 14 for MapleLeafs vs 6 for Canadiens.


Output by the SimonT Hockey Simulator (STHS) for Stephane Roy -- Original Page W3C XHTML 1.0 Valid
Hockey Simulator - Hockey Simulation - Hockey Manager